 Dungeon Crawl Stone Soup version 0.32-a0-665-g3d30ec2 (webtiles) character file.

Game seed: 1650753018682529592

14 mino the Slasher (level 2, 24/24 HPs)
             Began as a Coglin Berserker on Mar 9, 2024.
             Was a Follower of Trog.
             Quit the game on level 1 of the Dungeon.
             The game lasted 00:01:29 (315 turns).

mino the Slasher (Coglin Berserker)                  Turns: 315, Time: 00:01:30

Health: 24/24      AC:  2    Str: 17    XL:     2   Next: 45%
Magic:  2/2        EV: 12    Int:  6    God:    Trog [*.....]
Gold:   26         SH:  0    Dex: 13    Spells: 1/1 levels left

rFire   . . .        a - +0 falchion {Gyeongja}
rCold   . . .        c - +0 dagger {Akiya}
rNeg    . . .        b - +0 animal skin
rPois   .            (no helmet)
rElec   .            (no cloak)
rCorr   .            (no gloves)
SInv    .            (no boots)
Will    .....        (amulet unavailable)
Stlth   +            (ring unavailable)
HPRegen 0.24/turn    (ring unavailable)
MPRegen 0.08/turn    (no gizmo)

%: no passive effects
@: very slow
A: off-hand wielding, slow wielding, warmup strikes, no jewellery
a: Invent Gizmo, Renounce Religion, Berserk


You were on level 1 of the Dungeon.
You worshipped Trog.
Trog was aware of your devotion.
You visited 1 branch of the dungeon, and saw 1 of its levels.

You collected 26 gold pieces.

Inventory:

Hand Weapons
 a - a +0 falchion (weapon) {Gyeongja}
 c - a +0 dagger (offhand) {Akiya}
Missiles
 g - 2 poisoned darts (quivered)
Armour
 b - a +0 animal skin (worn)
Scrolls
 d - a scroll of summoning {unknown}
 e - a scroll of revelation {unknown}
Potions
 f - a potion of mutation {unknown}


   Skills:
 + Level 3.3 Fighting
 + Level 3.3 Long Blades
 + Level 1.8 Armour
 + Level 1.8 Dodging


You had one spell level left.
You didn't know any spells.
Your spell library was empty.

Dungeon Overview and Level Annotations

Branches:
Dungeon (1/15)

Altars:


Innate Abilities, Weirdness & Mutations

You can wield a second weapon in your off-hand.
It takes a long time for you to wield or remove held weapons.
Your first few attacks do less damage.
You cannot equip rings or amulets.


Message History

The goblin closely misses you.
You barely miss the goblin with your +0 falchion.
You hit the goblin but do no damage. The goblin misses you.
You hit the goblin with your +0 dagger.
The goblin is severely wounded.
You miss the goblin with your +0 falchion.
The goblin hits you with a +0 club.
You closely miss the goblin with your +0 dagger.
The goblin is severely wounded.
You slash the goblin with your +0 falchion!
You kill the goblin!
Trog accepts your kill.
You see here a +0 club.
You open the door.
A ball python comes into view.
Found 2 poisoned darts.
The ball python hisses angrily.
You hit the ball python with your +0 falchion.
You kill the ball python!
Trog accepts your kill.
You see here a ball python corpse.
You see here 2 poisoned darts.
g - 2 poisoned darts You now have 26 gold pieces (gained 13).
You open the door.
Key pressed, stopping explore.
There is a stone staircase leading down here.
Key pressed, stopping explore.
A rat comes into view.
The helpless rat fails to defend itself.
You hit the rat with your +0 dagger.
You kill the rat!
Trog accepts your kill.
You see here a rat corpse.
You enter the shallow water.
Moving in this stuff is going to be slow.
A kobold comes into view. It is wielding a +0 dagger.
The kobold shouts!
No reachable target in view!
Are you sure you want to abandon this character and quit the game? (Confirm with "yes".)

#.#.#............######....
#.#.#.#....................
#.#.#..........#...........
#..........######.[..####
............".........
♣♣.................#..
~♣♣~♣♣♣#########.....#..
~~~~P~♣♣.............#..
≈~PP~~P@♣♣..######+#.#..
≈≈~~~~♣~P♣♣.######.#.#..
≈≈≈≈~ ♣~~~P.+......#.#..
≈≈≈≈~P~~♣P~...######.#..
≈≈≈ ~~~P~~♣..........### ≈K
~P♣P~P♣.#.....##.... ~
P~~♣P..#.....##....
P~♣~~...#.†...##....
~~♣..####.....##....


You could see a kobold.

Vanquished Creatures
  A dart slug (D:1)
  A ball python (D:1)
  A bat (D:1)
  An endoplasm (D:1)
  2 goblins (D:1)
  A hobgoblin (D:1)
  2 quokkas (D:1)
  A rat (D:1)
10 creatures vanquished.

Notes
Turn   | Place    | Note
-------+----------+-------------------------------------------
     0 | D:1      | mino the Coglin Berserker began the quest for the Orb.
     0 | D:1      | Reached XP level 1. HP: 18/18 MP: 1/1
    65 | D:1      | Reached XP level 2. HP: 17/24 MP: 2/2
   315 | D:1      | Quit the game

Illustrated notes

Levels and vault maps discovered:
D:1:      wander_arrival_lonely_grave, layout_basic, serial_bayou_lake_a

Action                     || total
---------------------------++-------
  Melee: Falchion          ||    23
         Dagger            ||    21
   Stab: Sleeping          ||     1
 Armour: Animal skin       ||    18
  Dodge: Dodged            ||    13

Table legend: (Time is in decaauts)
 A = Elapsed time spent in this place.
 B = Non-inter-level travel time spent in this place.
 C = Inter-level travel time spent in this place.
 D = Time resting spent in this place.
 E = Time spent auto-exploring this place.
 F = Levels seen in this place.
 G = Mean time per level.
                   A        B        C        D        E       F      G
               +--------+--------+--------+--------+--------+-----+--------+
         Total |    315 |    315 |      0 |      0 |    239 |   1 |  315.0 |
       Dungeon |    315 |    315 |      0 |      0 |    239 |   1 |  315.0 |
               +--------+--------+--------+--------+--------+-----+--------+

Top non-repeatable levels by time:
     D:1: 315 daAuts
